 Dungeon Crawl Stone Soup version 0.30-a0-304-gdc4b735fe1 (webtiles) character file.

Game seed: 17276995128472719669

324 MrRokkomies the Sneak (level 6, 0/50 HPs)
             Began as an Armataur Delver on Oct 20, 2022.
             Was a Believer of Hepliaklqana.
             Slain by a crimson imp
             ... wielding a +2 dagger of chaos
              (14 damage)
             ... on level 3 of the Dungeon.
             The game lasted 00:10:10 (2568 turns).

MrRokkomies the Sneak (Armataur Delver)             Turns: 2568, Time: 00:10:14

Health: 0/50       AC: 11    Str: 18    XL:     6   Next: 23%
Magic:  6/6        EV:  8    Int: 10    God:    Hepliaklqana [**....]
Gold:   137        SH:  0    Dex: 13    Spells: 5/5 levels left

rFire   . . .      SeeInvis .    a - +0 short sword
rCold   . . .      Faith    +    (no shield)
rNeg    . . .      Spirit   .    q - +0 scale mail
rPois   .          Reflect  .    (no helmet)
rElec   .          Harm     .    p - +0 cloak
rCorr   .          Roll     +    (no gloves)
Will    .....                    (no barding)
Stlth   ++........               h - amulet of faith
HPRegen 0.28/turn                d - +4 ring of protection
MPRegen 0.10/turn                (no ring)

@: lethally poisoned (0 -> -5)
A: reduced essence, large, rugged brown scales 3, deformed body, armoured tail,
roll, long tongue, awkward tongue
a: Renounce Religion, Recall Ancestor, Ancestor Identity


You were on level 3 of the Dungeon.
You worshipped Hepliaklqana.
Hepliaklqana was pleased with you.
You visited 2 branches of the dungeon, and saw 6 of its levels.

You collected 137 gold pieces.

Inventory:

Hand Weapons
 a - a +0 short sword (weapon)
Missiles
 n - 6 poisoned darts (quivered)
Armour
 b - a +0 leather armour
 p - a +0 cloak (worn)
 q - a +0 scale mail (worn)
Jewellery
 d - a +4 ring of protection (left hand)
 h - an amulet of faith (around neck)
 o - a ring of ice
Wands
 g - a wand of digging (2)
Scrolls
 c - a scroll of fog
 e - a scroll of blinking {unknown}
 i - a scroll of brand weapon {unknown}
 j - 2 scrolls of vulnerability {unknown}
 l - 3 scrolls of identify {unknown}
 r - a scroll of fear
Potions
 f - 2 potions of haste
 k - 3 potions of curing
 m - a potion of berserk rage {unknown}
 s - 2 potions of might {unknown}
 t - a potion of lignification {unknown}


   Skills:
 * Level 4.1 Fighting
 * Level 3.4 Short Blades
 + Level 2.5 Armour
 + Level 2.2 Dodging
 + Level 6.2 Stealth


You had 5 spell levels left.
You didn't know any spells.
Your spell library contained the following spells:

 Spells                   Type           Power      Damage    Failure   Level
 Apportation              Tloc           0%         N/A       77%         1
 Freeze                   Ice            0%         1d3       77%         1
 Necrotise                Necr           0%         1d4       77%         1
 Summon Small Mammal      Summ           0%         N/A       77%         1
 Frozen Ramparts          Ice            0%         1d1       98%         3
 Hailstorm                Conj/Ice       0%         3d3       98%         3


Dungeon Overview and Level Annotations

Branches:
Dungeon (5/15)             Temple (1/1) D:5

Altars:
Ashenzari
Cheibriados
Dithmenos
Gozag
Hepliaklqana
Kikubaaqudgha
Makhleb
Nemelex Xobeh
Qazlal
Sif Muna
Vehumet
Wu Jian
Xom
Yredelemnul
Zin
The Shining One

Shops:
D:2 :*   D:5 [

Annotations:
D:4 Grinder
D:5 Blork the orc


Innate Abilities, Weirdness & Mutations

Your life essence is reduced to manifest your ancestor. (-10% HP)
You are completely covered in rugged brown scales. (AC +3, +7% HP)
Armour fits poorly on your strangely shaped body.
You have a long armoured tail.
You roll when moving toward enemies. (Rampage)
Your long tongue fully drains potion bottles. (2x potion effects)
Your tongue gives you trouble enunciating. (1.5x scroll delay)


Message History

Oma hits the crimson imp with a +0 dagger of draining.
The gnoll hits you but does no damage. The gnoll hits you with a +0 whip!
The crimson imp completely misses Oma.
Oma hits the crimson imp with a +0 dagger of draining!
The crimson imp dies!
You hit the gnoll but do no damage.
Your tail-slap misses the gnoll.
The gnoll is severely wounded.
The crimson imp misses Oma.
The gnoll hits you with a +0 whip!
Oma hits the gnoll with a +0 dagger of draining!
The gnoll dies!
The gnoll hits you but does no damage.
Oma hits the gnoll with a +0 dagger of draining.
You hit the gnoll but do no damage. The gnoll hits you but does no damage.
The gnoll barely misses you.
Oma points at the gnoll and mumbles some strange words.
The gnoll resists with some effort.
You hit the gnoll but do no damage.
The gnoll is moderately wounded.
The crimson imp hits you with a +2 dagger of chaos.
You are poisoned.
The gnoll hits you with a +0 whip. The gnoll hits you but does no damage.
Oma hits the gnoll with a +0 dagger of draining!
You closely miss the gnoll. You punch the gnoll.
You kill the gnoll!
You feel very sick.
Oma hits the gnoll with a +0 dagger of draining.
Oma drains the gnoll.
You hit the gnoll.
The gnoll is moderately wounded.
You feel sick. The crimson imp barely misses you.
The gnoll hits you but does no damage.
Oma closely misses the gnoll.
Oma points at the gnoll and mumbles some strange words.
The gnoll resists with significant effort.
You hit the gnoll.
The gnoll is severely wounded.
You feel sick.
The crimson imp hits you with a +2 dagger of chaos.
* * * LOW HITPOINT WARNING * * *
You are electrocuted!
You die...

#5^...^ยง#..###... ....######'#
##....#...
#.....##.#.###......)..
##............#.........
.g..........##...........
..#........####.........
##.#....R...# ###........
#......)5g..# #.........[
#....@...# #........#. #........#
#.....)....
#........###........#.
##########.........##........#.
##.....##>....#####.########..#.
##.........)....####.#########...
#................................
#...................############.
#................##..### ######


You could see the friendly Oma the hexer, a gnoll (very drained, ally target)
and a crimson imp.

Vanquished Creatures
  A gnoll (D:3)
  3 adders (D:2)
  2 worms (D:2)
  2 dart slugs (D:2)
  2 ball pythons (D:1)
  5 bats
  3 endoplasms
  3 giant cockroaches
  2 hobgoblins
  4 jackals (D:1)
  3 kobolds (D:1)
  4 quokkas
  5 frilled lizards
  13 goblins
  8 rats
60 creatures vanquished.

Vanquished Creatures (collateral kills)
  An ogre (D:3)
  3 crimson imps (D:3)
  2 gnolls (D:3)
  2 bats
  4 goblins (D:3)
  A hobgoblin (D:1)
13 creatures vanquished.

Grand Total: 73 creatures vanquished

Notes
Turn   | Place    | Note
-------+----------+-------------------------------------------
     0 | D:5      | MrRokkomies the Armataur Delver began the quest for the
                  | Orb.
     0 | D:5      | Reached XP level 1. HP: 19/19 MP: 1/1
     4 | D:5      | Noticed Blork the orc
    11 | D:5      | Noticed a centaur
    12 | D:5      | Found Guanebb's Antique Armour Shoppe.
    44 | D:5      | Found an ornate altar of the Wu Jian Council.
    51 | D:5      | Found a staircase to the Ecumenical Temple.
    60 | Temple   | Entered the Ecumenical Temple
   381 | Temple   | Became a worshipper of Hepliaklqana the Forgotten
   403 | D:4      | Noticed a hound
   405 | D:4      | Noticed Grinder
   539 | D:2      | Reached XP level 2. HP: 26/26 MP: 2/2
   793 | D:1      | Reached XP level 3. HP: 31/33 MP: 3/3
   822 | D:1      | Reached * piety under Hepliaklqana
  1092 | D:1      | Reached skill level 1 in Armour
  1331 | D:2      | Found Kaylates's General Store.
  1551 | D:2      | Reached XP level 4. HP: 36/36 MP: 4/4
  1650 | D:2      | Reached ** piety under Hepliaklqana
  1651 | D:2      | Remembered your ancestor Oma as a hexer
  1974 | D:2      | Found Obes's Book Emporium.
  2199 | D:3      | Noticed an ogre
  2210 | D:3      | Killed an ogre
  2211 | D:3      | Reached skill level 6 in Stealth
  2211 | D:3      | Reached XP level 5. HP: 5/44 MP: 5/5
  2532 | D:3      | Found a shimmering altar of Xom.
  2558 | D:3      | Reached XP level 6. HP: 43/50 MP: 6/6
  2568 | D:3      | Slain by a crimson imp

Illustrated notes

Levels and vault maps discovered:
D:1:      zelgadis_glass_arrival_small, layout_basic, minmay_misc_feat_tower,
          hex_medium, columned_hall_lemuel
D:2:      layout_basic, serial_shops, shop, shop, chequers_jeans
D:3:      layout_rooms, led_xom_imps, okawaru_gym_becter, minmay_ogre_servants
D:4:      layout_loops_ring, nicolae_shop_unique_rings, uniq_crazy_yiuf_cottage,
          uniq_grinder
D:5:      layout_basic, overflow_temple_1_default,
          nicolae_overflow_crystal_walls, nicolae_elyvilon_peaceful_grove,
          minmay_temple_entry_junction, serial_shops, nicolae_shop_crystal,
          kennysheep_generic_room_7, uniq_blork_the_orc
Temple:   minmay_temple_curvy_branch

Skill      XL: |  1  2  3  4  5 |
---------------+----------------+-----
Short Blades   | 2 3 |  3.4
Fighting       | 3 4 |  4.1
Armour         | 1 2 |  2.5
Dodging        | 2 |  2.2
Stealth        | 6 |  6.2

Action                   |  1- 3 |  4- 6 || total
-------------------------+-------+-------++-------
Melee: Short sword       |   125 |    81 ||   206
       Tailslap          |    12 |     9 ||    21
       Punch             |       |     2 ||     2
Invok: Ancestor Life: He |       |     1 ||     1
Evoke: Wand              |     1 |       ||     1
  Use: Scroll            |     2 |       ||     2
       Potion            |       |     2 ||     2
 Stab: Sleeping          |    10 |     2 ||    12
       Confused          |       |     2 ||     2
Armor: Leather armour    |    56 |    20 ||    76
       Scale mail        |       |    28 ||    28
Dodge: Dodged            |    57 |    26 ||    83

Table legend: (Time is in decaauts)
 A = Elapsed time spent in this place.
 B = Non-inter-level travel time spent in this place.
 C = Inter-level travel time spent in this place.
 D = Time resting spent in this place.
 E = Time spent auto-exploring this place.
 F = Levels seen in this place.
 G = Mean time per level.
                   A        B        C        D        E       F      G
               +--------+--------+--------+--------+--------+-----+--------+
         Total |   2548 |   2385 |    163 |    175 |   1666 |   6 |  424.7 |
       Dungeon |   2216 |   2137 |     79 |    175 |   1422 |   5 |  443.2 |
        Temple |    332 |    248 |     84 |      0 |    244 |   1 |  332.0 |
               +--------+--------+--------+--------+--------+-----+--------+

Top non-repeatable levels by time:
     D:2: 889 daAuts
     D:1: 732 daAuts
     D:3: 516 daAuts
  Temple: 332 daAuts
     D:5: 71 daAuts
     D:4: 7 daAuts
